 Dungeon Crawl Stone Soup version 0.20-a0-1109-ge3cd172 (webtiles) character file.

18 grindst0ne the Skirmisher (level 2, -3/27 HPs)
             Began as a Minotaur Berserker on May 5, 2017.
             Was a Follower of Trog.
             Slain by a human (9 damage)
             ... on level 2 of the Dungeon.
             The game lasted 00:01:09 (781 turns).

grindst0ne the Skirmisher (Minotaur Berserker)       Turns: 781, Time: 00:01:10

Health: -3/27      AC:  2    Str: 21    XL:     2   Next: 48%
Magic:  1/1        EV: 12    Int:  4    God:    Trog [*.....]
Gold:   30         SH:  0    Dex:  9    Spells: 1/1 levels left

rFire    . . .     SeeInvis .   a - +0 mace
rCold    . . .     Gourm    .   (no shield)
rNeg     . . .     Faith    .   b - +0 animal skin
rPois    .         Spirit   .   (helmet restricted)
rElec    .         Reflect  .   (no cloak)
rCorr    .         Harm     .   (no gloves)
MR       .....                  (no boots)
Stlth    +.........             (no amulet)
Regen    0.1/turn               (no ring)
MPRegen  0.1/turn               (no ring)

@: no status effects
A: retaliatory headbutt, horns 2
a: Berserk, Burn Spellbooks, Renounce Religion


You were on level 2 of the Dungeon.
You worshipped Trog.
Trog was aware of your devotion.
You were not hungry.

You visited 1 branch of the dungeon, and saw 2 of its levels.

You collected 30 gold pieces.

Inventory:

Hand Weapons
 a - a +0 mace (weapon)
Armour
 b - a +0 animal skin (worn)
Scrolls
 e - a scroll of remove curse {unknown}
 f - a scroll of amnesia {unknown}
 h - a scroll of identify {unknown}
 m - a scroll of magic mapping {unknown}
 o - a scroll of teleportation {unknown}
Potions
 d - a potion of ambrosia {unknown}
 g - a potion of berserk rage {unknown}
 i - a potion of heal wounds {unknown}
 n - a potion of resistance {unknown}
 p - a potion of brilliance {unknown}
 q - a potion of mutation {unknown}
 r - a potion of magic {unknown}
Comestibles
 c - 2 bread rations
 j - a meat ration
 k - a royal jelly
 l - 3 chunks of flesh


   Skills:
 + Level 4.1 Fighting
 + Level 3.9 Maces & Flails
 + Level 2.7 Armour
 + Level 2.3 Dodging


You had one spell level left.
You didn't know any spells.

Dungeon Overview and Level Annotations

Branches:
Dungeon (2/15)

Altars:
Yredelemnul


Innate Abilities, Weirdness & Mutations

You reflexively headbutt those who attack you in melee.
You have a pair of horns on your head.


Message History

The human refuses to make way for you. (Use ctrl+direction to attack.)
The human refuses to make way for you. (Use ctrl+direction to attack.)
You catch the helpless human completely off-guard!
You hit the human. You headbutt the human.
The human is moderately wounded.
The human misses you.
You hit the human but do no damage.
The human is moderately wounded.
The human closely misses you.
You closely miss the human.
The human is moderately wounded.
The human hits you!
You sock the human!
The human is heavily wounded.
The human hits you!
* * * LOW HITPOINT WARNING * * *
You sock the human!
The human is almost dead.
The human hits you!
You die...

. #.
#...............
#. #.
#......########.
#...#.####......#
#
#...............#
#...##.#.##.....#
#(>......8#######
# #.........# #.
#.......##### #.
#...###@#...# #.
#...#.p.#._.# ##
#...###.#...#
#.......#####
#........ #######
#.......8#
.......
######....
####### ######


You could see a human.

Vanquished Creatures
  A worm (D:2)
  2 giant cockroaches (D:1)
  4 goblins
  2 hobgoblins
  2 jackal zombies (D:2)
  3 kobolds (D:1)
  A rat (D:2)
15 creatures vanquished.

Notes
Turn   | Place    | Note
-------+----------+-------------------------------------------
     0 | D:1      | grindst0ne the Minotaur Berserker began the quest for the Orb.
     0 | D:1      | Reached XP level 1. HP: 19/19 MP: 0/0
   340 | D:1      | Reached XP level 2. HP: 22/27 MP: 1/1
   394 | D:1      | Reached skill level 4 in Fighting
   759 | D:2      | Found a runed door.
   759 | D:2      | Noticed a human
   769 | D:2      | Found a basalt altar of Yredelemnul.
   781 | D:2      | Slain by a human

Vault maps used:
D:1:      dpeg_arrival_pits
D:2:      dk_yredelemnul_ordeal, uniq_terence

Skill      XL: |  1  2 |
---------------+-------+-----
Fighting       | 4 |  4.1
Maces & Flails | |  3.9
Armour         | |  2.7
Dodging        | |  2.3

Action                   || total
-------------------------++-------
Melee: Mace              ||    37
       Headbutt          ||     6
 Stab: Distracted        ||     1
Armor: Animal skin       ||     4
Dodge: Dodged            ||    16
